 Dungeon Crawl Stone Soup version 0.31-a0-986-g5e6e4ef867 (webtiles) character file.

Game seed: 2394058354871424582

3790 IdlyInterested the Fighter (level 9, -1/79 HPs)
             Began as a Demonspawn Monk on Nov 16, 2023.
             Was a Believer of Makhleb.
             Killed by divine providence
             ... invoked by an orc priest
              (11 damage)
             ... on level 8 of the Dungeon.
             The game lasted 00:23:20 (6015 turns).

IdlyInterested the Fighter (Demonspawn Monk)        Turns: 6015, Time: 00:23:21

Health: -1/79      AC: 26    Str: 16    XL:     9   Next: 95%
Magic:  9/9        EV: 12    Int: 11    God:    Makhleb [**....]
Gold:   131        SH:  0    Dex: 16    Spells: 8/8 levels left

rFire   . . .        K - +2 war axe (venom)
rCold   . . .        d - orb {light}
rNeg    . . .        F - +8 ring mail of Dyfeog Emuorr {rElec}
rPois   .            (helmet restricted)
rElec   +            (no cloak)
rCorr   .            H - +0 pair of gloves
SInv    .            x - +0 pair of boots
Will    +....        i - amulet of regeneration
Stlth   +            n - ring of willpower
HPRegen 1.13/turn    N - +4 ring of protection
MPRegen 0.11/turn

%: no passive effects
@: sanguine armoured, glowing
A: antennae 2, powered by death 1, powered by pain 2, sanguine armour 1
a: Renounce Religion, Minor Destruction


You were on level 8 of the Dungeon.
You worshipped Makhleb.
Makhleb was pleased with you.
You visited 2 branches of the dungeon, and saw 9 of its levels.

You collected 471 gold pieces.
You spent 340 gold pieces at shops.

Inventory:

Hand Weapons
 z - a +2 hand axe of electrocution
 A - a +0 flail
 K - a +2 war axe of venom (weapon)
Missiles
 f - 80 stones (quivered)
 u - 10 poisoned darts
 E - 8 boomerangs
Armour
 d - an orb of light (worn)
 t - a +1 leather armour of positive energy
 x - a +0 pair of boots (worn)
 F - the +8 ring mail of Dyfeog Emuorr (worn) {rElec}
   (You took it off an orc on level 3 of the Dungeon)

   rElec:     It insulates you from electricity.
 H - a +0 pair of gloves (worn)
Magical Staves
 r - a staff of earth
Jewellery
 i - an amulet of regeneration (around neck)
 k - a ring of wizardry
 n - a ring of willpower (left hand)
 y - an amulet of faith
 N - a +4 ring of protection (right hand)
 O - a ring of fire
 P - a ring of positive energy
 Q - an amulet of the acrobat
Talismans
 p - a beast talisman
Wands
 a - a wand of mindburst (10)
 M - a wand of charming (7)
Scrolls
 e - 2 scrolls of enchant armour
 h - a scroll of amnesia
 o - 3 scrolls of teleportation
 C - a scroll of revelation
 G - a scroll of enchant weapon
 J - a scroll of blinking {unknown}
 L - a scroll of fear {unknown}
Potions
 b - a potion of magic
 c - a potion of ambrosia
 g - 2 potions of haste
 j - 2 potions of lignification {unknown}
 l - 2 potions of mutation {unknown}
 m - 6 potions of curing
 q - 2 potions of resistance
 s - a potion of berserk rage {unknown}
 v - 2 potions of might
 w - 2 potions of enlightenment
 B - 2 potions of attraction
 D - a potion of heal wounds
 I - a potion of invisibility {unknown}


   Skills:
 + Level 10.8 Fighting
 + Level 6.6 Maces & Flails
 - Level 2.0 Throwing
 - Level 4.0 Armour
 - Level 3.0 Dodging
 - Level 2.0 Stealth
 - Level 2.0 Shields
 - Level 2.0 Evocations
 - Level 2.0 Shapeshifting


You had 8 spell levels left.
You didn't know any spells.
Your spell library contained the following spells:

 Spells                   Type           Power      Damage    Failure   Level
 Cigotuvi's Dreadful Rot  Necr/Pois/Air  0%         N/A       67%         2
 Ignite Poison            Fire/Tmut/Pois 0%         N/A       88%         3
 Freezing Cloud           Conj/Ice/Air   0%         6-21      100%        5


Dungeon Overview and Level Annotations

Branches:
Dungeon (8/15)             Temple (1/1) D:4
   Lair: D:8-11

Altars:
Ashenzari
Cheibriados
Dithmenos
Fedhas
Gozag
Hepliaklqana
Kikubaaqudgha
Makhleb
Nemelex Xobeh
Okawaru
Qazlal
Ru
Sif Muna
Trog
Uskayaw
Vehumet
Wu Jian
Xom
Yredelemnul

Shops:
D:6 !


Innate Abilities, Weirdness & Mutations

You have a pair of antennae on your head.
You regenerate a little health from kills.
You sometimes gain power by taking damage.
When seriously injured, your blood forms armour. (AC +6)


Message History

The ice beast hits you but does no damage.
You slash the ice beast!
The ice beast is severely wounded.
The ice beast hits you. The ice beast freezes you!
An orc priest comes into view. It is wielding a +0 hand axe.
You hit the ice beast.
The ice beast is almost dead.
The ice beast hits you but does no damage.
The orc priest calls down the wrath of Beogh upon you.
Beogh smites you!
* * * LOW HITPOINT WARNING * * *
A wight comes into view. It is wielding a +4 hand axe.
The orc priest invokes the aid of Beogh against you.
Beogh smites you!
* * * LOW HITPOINT WARNING * * *
The ice beast hits you but does no damage.
You hear an angry buzzing noise.
You completely miss the ice beast.
The ice beast is almost dead.
You kill the ice beast!
Makhleb accepts your kill. The bullfrog barely misses you.
You slash the bullfrog!
The bullfrog looks as sick as possible!
The bullfrog is heavily wounded.
The bullfrog closely misses you.
An orc priest comes into view. It is wielding a +0 club.
The bullfrog barely misses you.
You barely miss the bullfrog.
The bullfrog is severely wounded.
The bullfrog hits you.
* * * LOW HITPOINT WARNING * * *
The bullfrog hits you but does no damage.
You slash the bullfrog!
You kill the bullfrog!
Makhleb accepts your kill.
An orc comes into view. It is wielding a +0 club.
You barely miss the orc warrior.
The orc priest calls down the wrath of Beogh upon you.
Beogh smites you!
You die...

# . ## #. #. ## o# #. ..
## {o# #. .. .. .. o#. .#
.?.#. o#†#.#
#.....###@o.###. ..# .# #.
#...#.#...# #.# .##.# #..
#.#.#(#.#.###.# ....
#...##...###...##..# ##..#
#.[................###...#
..###..######............
#.####.######.....#......
#........................
######.########.###....).


You could see an orc warrior, 2 orc priests and an orc.

Vanquished Creatures
  Grinder (D:5)
  Sigmund (D:6)
  A shadow (D:7)
  A wyvern (D:7)
  Eustachio (D:5)
  Edmund (D:5)
  The ghost of ShellytheWitch the Sneak, an amateur KoBr (D:3)
  Duvessa (D:6)
  A water moccasin (D:6)
  An orc warrior (D:7)
  A sky beast (D:6)
  2 ice beasts
  2 centaurs
  4 ogres
  2 phantoms
  2 bullfrogs
  3 scorpions
  Dowan (D:6)
  4 wights (D:6)
  A howler monkey (D:5)
  3 hounds
  4 jellies
  2 orc priests (D:6)
  3 sleepcaps
  4 iguanas
  5 orc wizards
  15 adders
  A white imp (D:8)
  4 ufetubi
  6 worms
  6 dart slugs
  32 orcs
  12 endoplasms
  2 giant cockroaches
  5 hobgoblins
  4 jackals
  5 quokkas
  3 ball pythons
  5 bats
  6 frilled lizards
  12 goblins
  10 kobolds
  14 rats
195 creatures vanquished.

Vanquished Creatures (others)
  5 dream sheep (D:6)
  A butterfly (D:3)
6 creatures vanquished.

Grand Total: 201 creatures vanquished

Notes
Turn   | Place    | Note
-------+----------+-------------------------------------------
     0 | D:1      | IdlyInterested the Demonspawn Monk began the quest for the
                  | Orb.
     0 | D:1      | Reached XP level 1. HP: 18/18 MP: 1/1
    67 | D:1      | Reached skill level 1 in Armour
   148 | D:1      | Gained mutation: You regenerate a little health from kills.
                  | [demonic ancestry]
   148 | D:1      | Reached XP level 2. HP: 14/24 MP: 2/2
   251 | D:1      | Reached skill level 1 in Stealth
   626 | D:1      | Gained mutation: When seriously injured, your blood forms
                  | armour. (AC +6) [demonic ancestry]
   626 | D:1      | Reached XP level 3. HP: 29/29 MP: 3/3
   633 | D:1      | Reached skill level 1 in Throwing
  1134 | D:2      | Reached skill level 1 in Evocations
  1684 | D:2      | You fall into a shaft and drop 1 floor!
  1710 | D:3      | Reached skill level 1 in Shapeshifting
  1710 | D:3      | Reached XP level 4. HP: 37/37 MP: 4/4
  1874 | D:3      | Reached skill level 4 in Fighting
  2369 | D:3      | Found a sacrificial altar of Ru.
  2370 | D:3      | Identified the +8 ring mail of Dyfeog Emuorr {rElec}
  2444 | D:3      | Reached XP level 5. HP: 42/42 MP: 5/5
  2867 | D:3      | Found a runed translucent gate.
  2867 | D:3      | Noticed ShellytheWitch's ghost (amateur KoBr)
  2868 | D:3      | Found a runed translucent gate.
  2869 | D:3      | Found a runed translucent gate.
  2933 | D:3      | Killed ShellytheWitch's ghost
  2934 | D:3      | Reached skill level 5 in Fighting
  2934 | D:3      | Gained mutation: You have a pair of small antennae on your
                  | head. [demonic ancestry]
  2934 | D:3      | Reached XP level 6. HP: 24/51 MP: 6/6
  3190 | D:4      | Reached skill level 1 in Shields
  3324 | D:4      | Found a burning altar of Makhleb.
  3346 | D:4      | Found a staircase to the Ecumenical Temple.
  3373 | D:4      | Reached skill level 6 in Fighting
  3373 | D:4      | Gained mutation: You sometimes gain a little power by
                  | taking damage. [demonic ancestry]
  3373 | D:4      | Reached XP level 7. HP: 50/58 MP: 7/7
  3397 | Temple   | Entered the Ecumenical Temple
  3785 | D:5      | Entered Level 5 of the Dungeon
  3841 | D:5      | Noticed Grinder
  3849 | D:5      | Noticed Eustachio
  3880 | D:5      | Killed Grinder
  3881 | D:5      | Reached skill level 7 in Fighting
  3894 | D:5      | Killed Eustachio
  3895 | D:5      | Gained mutation: You have a pair of antennae on your head.
                  | [demonic ancestry]
  3895 | D:5      | Reached XP level 8. HP: 61/68 MP: 8/8
  3906 | D:5      | Noticed Edmund
  3918 | D:5      | Reached skill level 8 in Fighting
  3921 | D:5      | Killed Edmund
  4419 | D:6      | Noticed Sigmund
  4437 | D:6      | Killed Sigmund
  4438 | D:6      | Reached skill level 9 in Fighting
  4519 | D:6      | Noticed Duvessa
  4519 | D:6      | Noticed Dowan
  4529 | D:6      | Killed Duvessa
  4536 | D:6      | Killed Dowan
  4545 | D:6      | Gained mutation: You sometimes gain power by taking damage.
                  | [demonic ancestry]
  4545 | D:6      | Reached XP level 9. HP: 70/77 MP: 9/9
  4579 | D:6      | Found Ruralol's Distillery.
  4750 | D:6      | Reached skill level 10 in Fighting
  5129 | D:6      | Found a blossoming altar of Fedhas.
  5241 | D:6      | Found a shimmering altar of Xom.
  5296 | D:6      | Bought 2 potions of might for 80 gold pieces
  5296 | D:6      | Bought a potion of heal wounds for 50 gold pieces
  5296 | D:6      | Bought a potion of enlightenment for 50 gold pieces
  5296 | D:6      | Bought a potion of attraction for 30 gold pieces
  5296 | D:6      | Bought a potion of degeneration for 10 gold pieces
  5296 | D:6      | Bought a potion of curing for 30 gold pieces
  5296 | D:6      | Bought a potion of curing for 30 gold pieces
  5296 | D:6      | Bought a potion of curing for 30 gold pieces
  5296 | D:6      | Bought a potion of curing for 30 gold pieces
  5311 | D:7      | Identified the "Qiusesuz"
  5319 | D:7      | Reached skill level 5 in Maces & Flails
  5661 | D:7      | Found a shimmering blue altar of Sif Muna.
  5766 | D:7      | Found a stormy altar of Qazlal.
  5766 | D:7      | Found a hide-covered altar of Uskayaw.
  5870 | D:4      | Became a worshipper of Makhleb the Destroyer
  5870 | D:4      | Reached * piety under Makhleb
  5870 | D:4      | Reached ** piety under Makhleb
  6010 | D:8      | HP: 2/79 [orc priest/divine providence (15)]
  6015 | D:8      | Killed from afar by an orc priest

Illustrated notes

Levels and vault maps discovered:
D:1:      lemuel_arrival_broad_hall, layout_basic, minmay_pentomino_p2
D:2:      layout_loops_ring
D:3:      minmay_skewed_foursquare, layout_rooms, general_overflow_altar,
          nicolae_elyvilon_peaceful_grove, biasface_ghost_orc_armoury,
          minmay_joined_circles
D:4:      layout_basic, mainiacjoe_overflow_small_starburst,
          minmay_temple_entry_grid
D:5:      minmay_spotlight, layout_rooms, uniq_eustachio, uniq_grinder,
          uniq_edmund
D:6:      layout_loops_ring, amcnicky_altar_gilded, kb_xom_exploding_sheep,
          serial_shops, nicolae_square_shop, nicolae_zig_zag_zippers,
          uniq_sigmund, uniq_duvessa
D:7:      cheibrodos_quashed, layout_cave_pools, mainiacjoe_overflow_alcove_4,
          gammafunk_temple_overflow_wave
D:8:      layout_loops_ring, hellmonk_lair_entry_icy, minmay_starry_boxes,
          uniq_maggie
Temple:   eino_narrow_crystal_temple

Skill      XL: |  1  2  3  4  5  6  7  8  9 |
---------------+----------------------------+-----
Armour         | 1 2 3 4 |  4.0
Stealth        | 1 2 |  2.0
Throwing       | 1 2 |  2.0
Evocations     | 1 2 |  2.0
Shapeshifting  | 1 2 |  2.0
Fighting       | 4 5 6 7 9 10 | 10.8
Maces & Flails | 3 4 6 |  6.6
Dodging        | 3 |  3.0
Shields        | 1 2 |  2.0

Action                     |  1- 3 |  4- 6 |  7- 9 || total
---------------------------+-------+-------+-------++-------
  Melee: Mace              |   125 |    48 |       ||   173
         Hand axe          |       |   152 |   160 ||   312
         Flail             |       |    19 |       ||    19
         War axe           |       |       |   116 ||   116
  Throw: Stone             |       |     2 |     7 ||     9
    Use: Potion            |       |     3 |     2 ||     5
         Scroll            |       |     7 |     1 ||     8
 Armour: Robe              |    40 |       |       ||    40
         Ring mail         |    27 |    22 |   246 ||   295
         Scale mail        |       |   152 |       ||   152
  Dodge: Dodged            |    67 |   142 |   181 ||   390
   Form: Beast             |     1 |       |       ||     1
                           |       |     1 |       ||     1

Table legend: (Time is in decaauts)
 A = Elapsed time spent in this place.
 B = Non-inter-level travel time spent in this place.
 C = Inter-level travel time spent in this place.
 D = Time resting spent in this place.
 E = Time spent auto-exploring this place.
 F = Levels seen in this place.
 G = Mean time per level.
                   A        B        C        D        E       F      G
               +--------+--------+--------+--------+--------+-----+--------+
         Total |   6138 |   5362 |    776 |    503 |   2953 |   9 |  682.0 |
       Dungeon |   6136 |   5360 |    776 |    503 |   2953 |   8 |  767.0 |
        Temple |      1 |      1 |      0 |      0 |      0 |   1 |    1.0 |
               +--------+--------+--------+--------+--------+-----+--------+

Top non-repeatable levels by time:
     D:1: 1188 daAuts
     D:3: 1062 daAuts
     D:6: 1005 daAuts
     D:2: 903 daAuts
     D:4: 745 daAuts
     D:5: 651 daAuts
     D:7: 514 daAuts
     D:8: 64 daAuts
  Temple: 1 daAuts
